 Dungeon Crawl Stone Soup version 0.30-a0-1157-g2cc9ac7196 (webtiles) character file.

Game seed: 12025477260455447882

63 Pimp the Digger (level 4, -6/24 HPs)
             Began as a Gargoyle Earth Elementalist on Apr 24, 2023.
             Constricted to death by Grinder (9 damage)
             ... on level 3 of the Dungeon.
             The game lasted 00:06:12 (2557 turns).

Pimp the Digger (Gargoyle Earth Elementalist)       Turns: 2557, Time: 00:06:12

Health: -6/24      AC:  6    Str: 11    XL:     4   Next: 9%
Magic:  1/7        EV:  8    Int: 21    God:
Gold:   114        SH:  2    Dex:  9    Spells: 3/7 levels left

rFire   . . .        g - +0 short sword
rCold   . . .        h - +0 buckler
rNeg    + . .        a - +0 robe
rPois   ∞            (no helmet)
rElec   +            e - +0 cloak
rCorr   .            k - +0 pair of gloves
SInv    .            (no boots)
Will    .....        (no amulet)
Stlth   ++           (no ring)
HPRegen 0.24/turn    (no ring)
MPRegen 0.10/turn

%: no passive effects
@: grasped by roots, very slightly contaminated, constricted
A: sickness immunity, AC +3, negative energy resistance 1, electricity
resistance, torment resistance 1, petrification resistance, clever 1, deformed
body
a: no special abilities


You were on level 3 of the Dungeon.
You visited 1 branch of the dungeon, and saw 3 of its levels.

You collected 114 gold pieces.

Inventory:

Hand Weapons
 d - a +0 dagger
 g - a +0 short sword (weapon)
Armour
 a - a +0 robe (worn)
 e - a +0 cloak (worn)
 h - a +0 buckler (worn)
 k - a +0 pair of gloves (worn)
Jewellery
 q - an amulet of the acrobat
Scrolls
 n - a scroll of vulnerability
 p - 2 scrolls of amnesia
Potions
 b - a potion of magic
 c - a potion of brilliance
 i - 3 potions of curing
 o - 2 potions of cancellation


   Skills:
 + Level 2.1 Dodging
 + Level 3.0 Stealth
 + Level 2.4 Spellcasting
 + Level 1.4 Transmutations
 + Level 4.2 Earth Magic


You had 3 spell levels left.
You knew the following spells:

 Your Spells              Type           Power      Damage    Failure   Level
a - Sandblast             Erth           40%        2d10      3%          1
b - Stone Arrow           Conj/Erth      22%        3d8       26%         3

Your spell library contained the following spells:

 Spells                   Type           Power      Damage    Failure   Level
 Passwall                 Tmut/Erth      11%        N/A       10%         2
 Petrify                  Tmut/Erth      14%        N/A       54%         4


Dungeon Overview and Level Annotations

Branches:
Dungeon (3/15)

Altars:

Shops:
D:3 (

Annotations:
D:3 Grinder


Innate Abilities, Weirdness & Mutations

You are immune to sickness and miasma.
Your stone body is resilient. (AC +3)
You are immune to poison.
You resist negative energy. (rN+)
You are resistant to electric shocks. (rElec)
You are resistant to unholy torment.
You are immune to petrification.
Your mind is acute. (Int +4, Str/Dex -1)
Armour fits poorly on your strangely shaped body.


Message History

You miscast Sandblast.
You are very lightly contaminated with residual magic.
Nothing appears to happen.
Grinder blinks!
Casting: Sandblast (safe; 3% risk of failure)
Confirm with . or Enter, or press ? or * to list all spells.
Aiming: Sandblast (safe; 3% risk of failure)
Press: ? - help, Shift-Dir - straight line, f/p - Grinder
Aim: Grinder, carrying a wand of roots (9) (heavily wounded, 81% to hit)
The blast of sand misses Grinder.
Casting: Sandblast (safe; 3% risk of failure)
Confirm with . or Enter, or press ? or * to list all spells.
Aiming: Sandblast (safe; 3% risk of failure)
Press: ? - help, Shift-Dir - straight line, f/p - Grinder
Aim: Grinder, carrying a wand of roots (9) (heavily wounded, 81% to hit)
The blast of sand misses Grinder.
You block Grinder's attack. Grinder hits you but does no damage.
Casting: Sandblast (safe; 3% risk of failure)
Confirm with . or Enter, or press ? or * to list all spells.
Aiming: Sandblast (safe; 3% risk of failure)
Press: ? - help, Shift-Dir - straight line, f/p - Grinder
Aim: Grinder, carrying a wand of roots (9) (heavily wounded, 81% to hit)
The blast of sand hits Grinder!
Grinder is severely wounded.
Grinder zaps a wand.
The roots erupt in riotous growth!
The grasping roots grab you!
Grinder is unaffected.
The grasping roots constrict you!
You hear an angry hiss.
Casting: Sandblast (safe; 3% risk of failure)
Confirm with . or Enter, or press ? or * to list all spells.
Aiming: Sandblast (safe; 3% risk of failure)
Press: ? - help, Shift-Dir - straight line, f/p - Grinder
Aim: Grinder, carrying a wand of roots (8) (severely wounded, 81% to hit)
The blast of sand hits Grinder.
Grinder is severely wounded.
Grinder hits you. The grasping roots constrict you. Grinder gestures at you.
Pain shoots through your body!
* * * LOW HITPOINT WARNING * * *
The grasping roots constrict you!
You die...

#. #. #+### #5
#.≈≈# #.
#####.≈≈### #.
#.'..∩..'.# #.
#.#≈≈.###..
#†########..≈≈.#
###
#..@5...†.#..#+#
#########.#....#
#.#.#### #.#.#
#.#.# #...#
#####


You could see Grinder.

Vanquished Creatures
  An adder (D:2)
  3 worms
  2 dart slugs (D:3)
  6 bats
  5 endoplasms
  2 giant cockroaches (D:2)
  3 goblins (D:2)
  2 hobgoblins (D:3)
  3 jackals (D:1)
  3 ball pythons
  3 frilled lizards
  3 kobolds
  3 rats
39 creatures vanquished.

Notes
Turn   | Place    | Note
-------+----------+-------------------------------------------
     0 | D:1      | Pimp the Gargoyle Earth Elementalist began the quest for
                  | the Orb.
     0 | D:1      | Reached XP level 1. HP: 10/10 MP: 3/3
   406 | D:1      | Reached skill level 1 in Transmutations
   406 | D:1      | Reached XP level 2. HP: 15/15 MP: 5/5
  1251 | D:2      | Reached XP level 3. HP: 17/19 MP: 4/6
  1257 | D:1      | Learned a level 3 spell: Stone Arrow
  1345 | D:2      | Reached skill level 4 in Earth Magic
  2261 | D:3      | Reached XP level 4. HP: 20/24 MP: 3/7
  2341 | D:3      | Found Potosow's Antique Weapon Emporium.
  2373 | D:3      | Noticed Grinder
  2549 | D:2      | Gained mutation: Your mind is acute. (Int +4, Str/Dex -1)
                  | [potion of mutation]
  2549 | D:2      | Gained mutation: Armour fits poorly on your strangely
                  | shaped body. [potion of mutation]
  2557 | D:3      | Constricted to death by Grinder

Illustrated notes

Levels and vault maps discovered:
D:1:      kilobyte_arrival_exit_the_forest, layout_basic
D:2:      layout_loops_ring, kennysheep_generic_room_11
D:3:      layout_loops_ring, serial_shops, nicolae_shop_hallway_plus,
          hellmonk_ecumenical_altar_heavens_door, glass_columns_a,
          amcnicky_mini_pool_small, uniq_robin, uniq_grinder

Skill      XL: |  1  2  3  4 |
---------------+-------------+-----
Transmutations | 1 |  1.4
Earth Magic    | 4 |  4.2
Dodging        | 2 |  2.1
Stealth        | 3 |  3.0
Spellcasting   | |  2.4

Action                     |  1- 3 |  4- 6 || total
---------------------------+-------+-------++-------
  Melee: Unarmed           |    11 |       ||    11
         Dagger            |     4 |       ||     4
         Short sword       |    40 |     3 ||    43
   Cast: Sandblast         |    37 |     7 ||    44
    Use: Scroll            |     1 |     7 ||     8
         Potion            |       |     2 ||     2
   Stab: Sleeping          |    10 |     1 ||    11
 Armour: Robe              |    25 |     1 ||    26
  Dodge: Dodged            |    40 |     1 ||    41
  Block: Buckler           |    11 |     2 ||    13

Table legend: (Time is in decaauts)
 A = Elapsed time spent in this place.
 B = Non-inter-level travel time spent in this place.
 C = Inter-level travel time spent in this place.
 D = Time resting spent in this place.
 E = Time spent auto-exploring this place.
 F = Levels seen in this place.
 G = Mean time per level.
                   A        B        C        D        E       F      G
               +--------+--------+--------+--------+--------+-----+--------+
         Total |   2587 |   2525 |     62 |    506 |   1595 |   3 |  862.3 |
       Dungeon |   2587 |   2525 |     62 |    506 |   1595 |   3 |  862.3 |
               +--------+--------+--------+--------+--------+-----+--------+

Top non-repeatable levels by time:
     D:1: 1271 daAuts
     D:2: 1063 daAuts
     D:3: 252 daAuts
